 BcadrenCrawl: Boulder Brew version 0.03.2.1-54-g1668231259 (webtiles) character file.

Game seed: 17795133750456151808, levelgen mode: deterministic

9965 esc the Archer (level 11, -2/80 HPs) Lignifite Hunter. Began on Jan 31, 2021. Was an Initiate of Gozag Ym Sagoz. Slain by a giraffe (7 damage) ... on level 1 of the Lair of Beasts. The game lasted 00:15:17 (4711 turns).

esc the Archer (Lignifite Hunter)                   Turns: 4711, Time: 00:15:18

Health: -2/80      AC:  4    Str: 17    XL:     11 ^: 7611
Magic:  12/12      EV: 16    Int: 19    God:    Gozag Ym Sagoz
Gold:   1939       SH:  4    Dex: 11    Spells: 10/10 levels left

rFire    x . .     Vision   .   a - +4 shortbow (molten)
rCold    . . .     Gourm    .   (also wielding the above weapon)
rNeg     + . .     Faith    .   c - +0 robe
rPois    +         Spirit   .   (helmet restricted)
rElec    .         Reflect  .   p - +2 cloak {+Inv}
rCorr    .         Harm     .   (gloves unavailable)
MR       +....                  (boots unavailable)
Stlth    +.........             (no amulet)
HPRegen  0.36/turn              e - ring of positive energy
MPRegen  0.22/turn              s - ring of intelligence

@: gold aura, hasted, very quick
A: small, rF-, deformed body, speed 1, poison resistance, slow metabolism 1,
torment resistance, plant, rot immunity
a: Potion Petition, Call Merchant, Bribe Branch, Renounce Religion, Evoke
Invisibility


You were on level 1 of the Lair of Beasts.
You worshipped Gozag Ym Sagoz.
Gozag Ym Sagoz was most pleased with you.
You were full.

You visited 2 branches of the dungeon, and saw 6 of its levels.

You collected 1965 gold pieces.
You paid 26 gold pieces to Gozag.

Inventory:

Weapons
 a - a +4 shortbow of molten steel (weapon)
Armour
 c - a +0 robe (worn)
 p - a +2 cloak of invisibility (worn)
Jewellery
 e - a ring of positive energy (left hand)
 i - a cursed ring of resist corrosion {(Curse: rF- MR-)}
 q - a cursed ring of protection from magic {(Curse: *Slow Dex-2)}
 s - a ring of intelligence (right hand)
Wands
 k - a wand of polymorph (17)
 l - a wand of acid (4)
 m - a wand of random effects (1)
 o - a wand of flame (1)
Scrolls
 f - 7 scrolls of teleportation
 j - 3 scrolls of enchantment
Potions
 b - a potion of cancellation
 g - 2 potions of curing
 h - 2 potions of agility
 n - 2 potions of ambrosia
Comestibles
 d - 8 rations


   Skills:
 - Level 5.2 Fighting
 + Level 13.7 Bows
 - Level 4.7 Dodging
 - Level 0.8 Stealth


You had 10 spell levels left.
You didn't know any spells.
Your spell library contained the following spells:

 Spells                   Type           Power        Failure   Level  Hunger
 Magic Candle             Hex/Fire       0 (90)       21%         1    ##.....
 Ensorcelled Hibernation  Hex/Ice        0 (50)       30%         2    ###....
 Blinding Spray           Hex/Pois       0 (50)       52%         3    ####...
 Confuse                  Hex            0 (100)      52%         3    ####...
 Tukima's Dance           Hex            0 (100)      52%         3    ####...
 Fulminant Prism          Hex            0 (200)      90%         4    #####..


Dungeon Overview and Level Annotations

Branches:
Dungeon (5/8)              Temple (0/1) D:4            Lair (1/6) D:5

Altars:
Gozag Ym Sagoz
Hepliaklqana
Makhleb
Sif Muna
Wu Jian

Annotations:
D:3 1 runed translucent door, Crazy Yiuf


Innate Abilities, Weirdness & Mutations

Your woody flesh burns easily. (rF-)
A tangle of shorter branches protects your body from attack. (+4 SH)
You are small and have problems with some larger weapons.
Armour fits poorly on your strangely shaped body.
You cover ground quickly.
Your system is resistant to poisons. (rPois)
You have a slow metabolism.
You are immune to unholy pain and torment.
You require very little carbon dioxide to survive.
You are immune to rotting.


Message History

The giraffe gores you from afar (12)!
* * * LOW HITPOINT WARNING * * *
The giraffe gores you from afar (8)!
* * * LOW HITPOINT WARNING * * *
The giraffe gores you (1).
* * * LOW HITPOINT WARNING * * *
The giraffe kicks you (7)!
* * * LOW HITPOINT WARNING * * *
You stumble backwards!
Okay, then.
You feel yourself speed up.
The giraffe becomes distracted by your gold, dreaming of imaginary riches.
The giraffe gores you from afar (1).
* * * LOW HITPOINT WARNING * * *
The giraffe closely misses you (0). The giraffe kicks you (2).
* * * LOW HITPOINT WARNING * * *
You stumble backwards!
The giraffe gores you from afar (7)!
You die...
Your body crumbles into a pile of gold.

#......##..#≈≈≈≈≈
#8..8#.#≈≈≈≈≈≈≈≈≈≈ ≈≈≈
#8..8≈≈≈≈≈≈≈≈≈≈≈≈ ≈≈≈
##≈..≈≈≈≈≈≈≈≈≈≈≈≈≈ ≈≈≈≈
≈≈≈..≈≈≈≈≈≈≈≈≈≈#.# ≈≈≈≈≈
≈≈≈..≈≈≈≈≈≈....#.##≈≈.≈≈
≈≈≈F.≈§≈.≈.....#........
≈≈≈..≈#.....FY..........
≈#8..8##F..F.Y..@...#
#8..8 ###..Y.Y#...##
#.... ##Y...t.....#
#.... #..........# ##..#
#..........# #.#
##.........# ##.......##
##.#.#.## ..###.#


You could see 5 giraffes, 2 blink frogs and a crocodile.

Vanquished Creatures
  2 boulder beetles (D:5)
  A two-headed ogre (D:5)
  3 death yaks (D:5)
  Maurice (D:4)
  A troll (D:5)
  Psyche (D:5)
  A hornet (D:5)
  Prince Ribbit (D:3)
  Grum (D:4)
  3 war dogs (D:4)
  A wyvern (D:5)
  Menkaure (D:2)
  A necrophage (D:4)
  A phantom (D:5)
  A scorpion (Lair:1)
  A water moccasin (D:2)
  2 orc warriors
  3 porcupines
  2 black bears
  2 ice beasts
  2 sky beasts (D:4)
  6 ogres
  5 big kobolds
  6 bullfrogs
  A meliai zombie (D:4)
  2 centaurs (D:5)
  2 howler monkeys (D:4)
  6 killer bees
  A quasit (D:5)
  3 wights (D:5)
  5 hounds (D:5)
  3 orc priests
  4 jellies
  4 orc wizards (D:5)
  An iguana (D:5)
  Jessica (D:2)
  Natasha (D:2)
  3 hell rats (D:5)
  3 worker ants
  A wyvern zombie (D:4)
  8 giant cockroaches
  A bullfrog skeleton (D:3)
  7 adders
  37 sewer rats
  7 worms
  11 cinder newts
  A hound zombie (D:5)
  2 worker ant zombies
  4 oozes (D:2)
  4 dart slugs
  9 leopard geckos
  26 orcs
  An adder skeleton (D:2)
  A cinder newt skeleton (D:2)
  6 goblins (D:1)
  7 hobgoblins (D:1)
  4 jackals (D:5)
  25 kobolds
  A quokka (D:4)
  6 ball pythons (D:2)
  11 bats
  2 bat skeletons (D:2)
  A goblin skeleton (D:2)
  A jackal skeleton (D:3)
  A kobold skeleton (D:2)
  A leopard gecko skeleton (D:2)
  2 orc skeletons (D:2)
  4 rats
  A rat skeleton (D:2)
  A giant blowfly (D:2)
  8 withered plants (D:2)
291 creatures vanquished.

Vanquished Creatures (others)
  107 withered plants (D:2)
107 creatures vanquished.

Grand Total: 398 creatures vanquished

Notes
Turn   | Place    | Note
-------+----------+-------------------------------------------
     0 | D:1      | esc the Lignifite Hunter began the quest for the Orb.
     0 | D:1      | Reached XP level 1. HP: 12/12 MP: 2/2
    38 | D:1      | Reached XP level 2. HP: 17/19 MP: 3/3
   182 | D:1      | Reached skill level 4 in Bows
   191 | D:1      | Reached XP level 3. HP: 23/24 MP: 4/4
   258 | D:1      | Reached XP level 4. HP: 29/29 MP: 5/5
   542 | D:1      | Reached skill level 5 in Bows
   654 | D:2      | Noticed a big kobold
   673 | D:1      | Killed a big kobold
   673 | D:1      | Reached XP level 5. HP: 34/34 MP: 6/6
   713 | D:2      | Found an opulent altar of Gozag.
   746 | D:2      | Became a worshipper of Gozag Ym Sagoz the Greedy
   825 | D:2      | Noticed Menkaure
   827 | D:2      | Killed Menkaure
   827 | D:2      | Reached skill level 6 in Bows
   827 | D:2      | Reached XP level 6. HP: 39/39 MP: 7/7
   993 | D:2      | Identified the cursed ring "Zuj Jurch" {rElec MR+ Dex+3,
                  | (Curse: *Corrode Fragile rC-)}
   993 | D:2      | Noticed Jessica
   994 | D:2      | Killed Jessica
  1095 | D:2      | Reached XP level 7. HP: 45/45 MP: 8/8
  1395 | D:2      | Reached skill level 7 in Bows
  1440 | D:2      | Found an ornate altar of the Wu Jian Council.
  1442 | D:2      | Found a burning altar of Makhleb.
  1468 | D:2      | Noticed Natasha
  1470 | D:2      | Killed Natasha
  1481 | D:2      | Reached XP level 8. HP: 60/60 MP: 9/9
  2393 | D:3      | Noticed Prince Ribbit
  2403 | D:3      | Killed Prince Ribbit
  2403 | D:3      | Reached skill level 5 in Fighting
  2456 | D:3      | Found a runed translucent door.
  2471 | D:3      | Noticed Crazy Yiuf
  2874 | D:4      | Reached skill level 8 in Bows
  2919 | D:4      | Reached XP level 9. HP: 68/68 MP: 10/10
  3029 | D:4      | Reached skill level 9 in Bows
  3221 | D:4      | Noticed Grum
  3222 | D:4      | Killed Grum
  3222 | D:4      | Reached skill level 10 in Bows
  3225 | D:4      | Found a staircase to the Ecumenical Temple.
  3266 | D:4      | Noticed Maurice
  3269 | D:4      | Killed Maurice
  3387 | D:4      | Found a shimmering blue altar of Sif Muna.
  3709 | D:5      | Entered Level 5 of the Dungeon
  3753 | D:5      | Noticed a death yak
  3758 | D:5      | Killed a death yak
  3758 | D:5      | Reached skill level 11 in Bows
  3758 | D:5      | Reached XP level 10. HP: 74/74 MP: 11/11
  3766 | D:5      | Found a staircase to the Lair.
  3766 | D:5      | Noticed a death yak
  3769 | D:5      | Killed a death yak
  3773 | D:5      | Noticed a boulder beetle
  3778 | D:5      | Killed a boulder beetle
  3779 | D:5      | Noticed a death yak
  3788 | D:5      | Killed a death yak
  3788 | D:5      | Reached skill level 12 in Bows
  3789 | D:5      | Noticed a boulder beetle
  3866 | D:5      | Noticed a two-headed ogre
  3869 | D:5      | Killed a two-headed ogre
  3930 | D:5      | Killed a boulder beetle
  3977 | D:5      | Reached skill level 13 in Bows
  4057 | D:5      | Reached XP level 11. HP: 80/80 MP: 12/12
  4143 | D:5      | Found a hazy altar of Hepliaklqana.
  4398 | D:5      | Noticed Psyche
  4400 | D:5      | Killed Psyche
  4698 | Lair:1   | Entered Level 1 of the Lair of Beasts
  4711 | Lair:1   | Slain by a giraffe

Levels and vault maps discovered:
D:1:      ebering_trefoil_twist, layout_cave_pools, serial_column_ruins,
          column_ruins_square_medium, column_ruins_columns_straight,
          column_ruins_open_tiny, column_ruins_grid_1, column_ruins_grid_1,
          column_ruins_columns_dead_end, gup_sewer_entry_bowl
D:2:      minmay_recursive_quarters, layout_sewer, nicolae_gozag_seed_capital,
          chequers_temple_overflow_statue_of_worship, uniq_jessica,
          uniq_menkaure, uniq_natasha
D:3:      layout_basic, first_ration, uniq_crazy_yiuf_cottage,
          uniq_prince_ribbit1
D:4:      layout_basic, led_sif_pool, minmay_temple_entry_statues_fountains,
          uniq_maurice, uniq_grum
D:5:      layout_grid_maze, old_standard_altar, dpeg_lair_monsters, uniq_psyche
Lair:1:   wander_river, layout_gridlike, ossuary_minmay_tomb_2a,
          chequers_ossuary_entry_cave

Skill      XL: |  1  2  3  4  5  6  7  8  9 10 |
---------------+-------------------------------+-----
Bows           | 4 5 6 7 8 11 13 | 13.7
Dodging        | 2 3 4 |  4.7
Fighting       | 4 5 |  5.2
Stealth        | |  0.8

Action                   |  1- 3 |  4- 6 |  7- 9 | 10-12 || total
-------------------------+-------+-------+-------+-------++-------
Melee: Unarmed           |       |       |    19 |       ||    19
 Fire: Shortbow          |   103 |   115 |   213 |   150 ||   581
  Use: Scroll            |       |     4 |     1 |     2 ||     7
       Potion            |       |       |       |     1 ||     1
  Eat: Ration            |       |       |     1 |     2 ||     3
Armor: Robe              |     4 |     1 |       |     4 ||     9
Dodge: Dodged            |    57 |    34 |    25 |    16 ||   132
Block: Other             |     2 |     4 |     4 |     6 ||    16
